 Dungeon Crawl Stone Soup version 0.21.1-1-g345015f (webtiles) character file.

79 theblackcape the Insei (level 4, 0/38 HPs)
             Began as a Naga Transmuter on July 9, 2018.
             Slain by RottenKnight's ghost (5 damage)
             ... on level 3 of the Dungeon.
             The game lasted 00:05:50 (3574 turns).

theblackcape the Insei (Naga Transmuter)            Turns: 3574, Time: 00:05:50

Health: 0/38       AC:  2    Str: 12    XL:     4   Next: 37%
Magic:  7/7        EV: 10    Int: 14    God:
Gold:   117        SH:  0    Dex: 12    Spells: 4/7 levels left

rFire    . . .     SeeInvis +     - Unarmed
rCold    . . .     Gourm    .   (no shield)
rNeg     + . .     Faith    .   h - +0 robe {rN+}
rPois    +         Spirit   .   (no helmet)
rElec    .         Reflect  .   j - scarf {repulsion}
rCorr    .         Harm     .   (no gloves)
MR       .....                  (no barding)
Stlth    +.........             (no amulet)
HPRegen  0.12/turn              (no ring)
MPRegen  0.10/turn              (no ring)

@: appendage (expiring), drained, repel missiles, very slow
A: large, horns 2, see invisible, deformed body, poison resistance, slowness 2,
slow metabolism 1, spit poison 1, AC +1
a: Spit Poison, End Transformation


You were on level 3 of the Dungeon.
You were not hungry.
You had grown temporary horns.
You visited 1 branch of the dungeon, and saw 3 of its levels.

You collected 117 gold pieces.

Inventory:

Missiles
 a - 38 arrows
Armour
 h - a +0 robe of positive energy (worn)
 j - a scarf of repulsion (worn)
Scrolls
 b - a scroll of amnesia {unknown}
 e - 2 scrolls of teleportation {unknown}
 f - 2 scrolls of immolation {unknown}
 g - 2 scrolls of enchant armour {unknown}
 l - 2 scrolls of blinking {unknown}
 m - 2 scrolls of remove curse {unknown}
 p - 3 scrolls of identify {unknown}
 q - a scroll of enchant weapon {unknown}
Potions
 i - a potion of haste {unknown}
 k - 2 potions of curing {unknown}
 n - a potion of heal wounds {unknown}
 o - a potion of lignification {unknown}
Books
 c - a book of Changes

   Spells                             Type                      Level
   a - Beastly Appendage              Transmutation                1
   b - Sticks to Snakes               Transmutation                2
   c - Spider Form                    Transmutation/Poison         3
   d - Ice Form                       Ice/Transmutation            4
   e - Blade Hands                    Transmutation                5
Comestibles
 d - 3 rations


   Skills:
 + Level 1.0(0.5) Fighting
 + Level 1.9(1.4) Dodging
 * Level 4.4(3.8) Unarmed Combat
 + Level 2.1(1.6) Spellcasting
 * Level 2.6(2.1) Transmutations


You had 4 spell levels left.
You knew the following spells:

 Your Spells              Type           Power        Failure   Level  Hunger
a - Beastly Appendage     Tmut           #.....       11%         1    ##.....
b - Sticks to Snakes      Tmut           #.......     16%         2    ###....


Dungeon Overview and Level Annotations

Branches:
Dungeon (3/15)

Altars:
Dithmenos
Ru

Annotations:
D:3 RottenKnight's ghost, amateur DrCj


Innate Abilities, Weirdness & Mutations

You cannot wear boots.
Your serpentine skin is tough. (AC +1)
You have supernaturally acute eyesight. (SInv)
Armour fits poorly on your strangely shaped body.
Your system is resistant to poisons. (rPois)
You cover ground very slowly.
You have a slow metabolism.
You can spit poison.
You have a pair of horns on your head.


Message History

You partially resist.
You feel drained.
You closely miss RottenKnight's ghost.
RottenKnight's ghost is lightly damaged.
RottenKnight's ghost barely misses you.
You hit RottenKnight's ghost.
RottenKnight's ghost is moderately damaged.
RottenKnight's ghost hits you.
* * * LOW HITPOINT WARNING * * *
You partially resist.
You feel drained.
* * * LOW HITPOINT WARNING * * *
You completely miss RottenKnight's ghost.
RottenKnight's ghost is moderately damaged.
Your transformation is almost over.
RottenKnight's ghost gestures at you while chanting.
The spray of energy is repelled.
You closely miss RottenKnight's ghost.
Your headbutt misses RottenKnight's ghost.
RottenKnight's ghost is moderately damaged.
RottenKnight's ghost hits you.
You die...

####.# #.#####.#
#.# #.# #.# #.#
#.# #.# #.#
#########.#####.#
#.#
#...............#
#.#
#.#######.#######
#.# #.# #..# #.#
#.# #.## #.# #@#
#.# ##.## #W#
##.# ##...###.#
#..#
#.#####<#.#.##.#
#.##
#..............#
#.#
#######[#.#.####
#.# ##...## #.#
########...# #.#
...>.....#.# #.#


You could see RottenKnight's ghost.

Vanquished Creatures
  An adder (D:3)
  An ooze (D:1)
  2 worms (D:2)
  2 dart slugs
  4 leopard geckos
  An orc (D:2)
  8 bats
  7 goblins
  8 hobgoblins
  5 kobolds
  A quokka (D:3)
  A ball python (D:2)
  4 frilled lizards
  5 rats
50 creatures vanquished.

Notes
Turn   | Place    | Note
-------+----------+-------------------------------------------
     0 | D:1      | theblackcape the Naga Transmuter began the quest for the Orb.
     0 | D:1      | Reached XP level 1. HP: 18/18 MP: 3/3
   283 | D:1      | Reached XP level 2. HP: 12/25 MP: 5/5
   799 | D:1      | Reached XP level 3. HP: 6/31 MP: 6/6
  1493 | D:1      | Reached skill level 4 in Unarmed Combat
  2107 | D:2      | Learned a level 2 spell: Sticks to Snakes
  2324 | D:2      | Reached XP level 4. HP: 16/38 MP: 5/7
  2871 | D:2      | Found a sacrificial altar of Ru.
  3426 | D:3      | Found a shadowy altar of Dithmenos.
  3564 | D:3      | Noticed RottenKnight's ghost (amateur DrCj)
  3574 | D:3      | Slain by RottenKnight's ghost

Skill      XL: |  1  2  3 |
---------------+----------+-----
Unarmed Combat | 4 |  4.4
Fighting       | |  1.0
Dodging        | |  1.9
Spellcasting   | |  2.1
Transmutations | |  2.6

Action                   |  1- 3 |  4- 6 || total
-------------------------+-------+-------++-------
Melee: Unarmed           |   131 |    61 ||   192
       Headbutt          |    17 |     3 ||    20
       Punch             |     2 |       ||     2
 Cast: Beastly Appendage |    23 |    10 ||    33
       Sticks to Snakes  |       |     2 ||     2
 Stab: Sleeping          |     1 |     1 ||     2
  Eat: Chunk             |     4 |     3 ||     7
Armor: Robe              |    23 |    15 ||    38
Dodge: Dodged            |    56 |    38 ||    94
       Deflected         |       |     2 ||     2
